 Dungeon Crawl Stone Soup version 0.25-a0-503-ge281fa673e (webtiles) character file.

Game seed: 1703501028169598393, levelgen mode: deterministic

14759 Emblim88 the Nimble (level 11, -2/60 HPs)
             Began as a Spriggan Assassin on Feb 13, 2020.
             Was an Initiate of Gozag.
             Succumbed to a spiny frog's poison
             ... on level 10 of the Dungeon.
             The game lasted 00:42:45 (16626 turns).

Emblim88 the Nimble (Spriggan Assassin)            Turns: 16626, Time: 00:42:46

Health: -2/60      AC:  4    Str:  8    XL:     11   Next: 92%
Magic:  0/18       EV: 31    Int: 17    God:    Gozag
Gold:   1440       SH:  0    Dex: 19    Spells: 11/17 levels left

rFire    . . .     SeeInvis +   P - +6 scimitar
rCold    . . .     Gourm    .   (shield restricted)
rNeg     . . .     Faith    .   N - +2 robe {MR+}
rPois    .         Spirit   +   (helmet restricted)
rElec    .         Reflect  .   w - scarf {Spirit}
rCorr    .         Harm     .   (gloves unavailable)
MR       +++..                  (boots unavailable)
Stlth    +++++.....             E - amulet of magic regeneration
HPRegen  0.20/turn              g - +3 ring of intelligence
MPRegen  0.41/turn              M - ring of protection from magic

@: lethally poisoned (-2 -> -22), gold aura, very quick
A: very small, unfitting armour, see invisible, herbivore, speed 3, slow
metabolism 2
a: Potion Petition, Call Merchant, Bribe Branch, Renounce Religion


You were on level 10 of the Dungeon.
You worshipped Gozag.
Gozag was most pleased with you.
You were hungry.

You visited 2 branches of the dungeon, and saw 13 of its levels.

You collected 2682 gold pieces.
You spent 454 gold pieces at shops.
You paid 788 gold pieces to Gozag.

Inventory:

Hand Weapons
 o - a +2 dagger of venom
 A - the +5 demon whip "Spellbinder" {antimagic, MR+}
   (You found it on level 4 of the Dungeon)

   It reduces the magical energy of the wielder, and disrupts the spells and
   magical abilities of those hit.
   Natural abilities and divine invocations are not affected.
   It affects your resistance to hostile enchantments.
 P - a +6 scimitar (weapon)
Missiles
 d - 24 poisoned darts (quivered)
 e - 7 curare-tipped darts
 p - 8 datura-tipped darts
 R - 12 boomerangs
Armour
 w - a scarf of spirit shield (worn)
 N - a +2 robe of magic resistance (worn)
Magical Staves
 G - an uncursed staff of earth
Jewellery
 g - a +3 ring of intelligence (left hand)
 u - an uncursed ring of stealth
 E - an amulet of magic regeneration (around neck)
 M - a ring of protection from magic (right hand)
Wands
 a - a wand of polymorph (4)
 t - a wand of paralysis (10)
 D - a wand of scattershot (2)
 L - a wand of acid (15)
 Q - a wand of flame (14)
Scrolls
 b - 2 scrolls of fear
 c - 2 scrolls of blinking
 h - 2 scrolls of amnesia
 k - 2 scrolls of teleportation
 m - 2 scrolls of remove curse
 r - a scroll of magic mapping
 y - 2 scrolls of enchant armour
 H - 2 scrolls of fog
Potions
 i - a potion of degeneration {unknown}
 j - 2 potions of curing
 l - 2 potions of invisibility {unknown}
 n - 2 potions of resistance {unknown}
 q - a potion of cancellation {unknown}
 s - 4 potions of heal wounds
 v - a potion of experience {unknown}
 x - 3 potions of lignification {unknown}
 z - 2 potions of haste {unknown}
 B - a potion of agility
 F - 4 potions of mutation {unknown}
 I - a potion of magic {unknown}
 K - a potion of berserk rage {unknown}
 O - 4 potions of flight {unknown}
Comestibles
 f - 21 rations


   Skills:
 * Level 8.4 Fighting
 - Level 2.1(3.3) Short Blades
 + Level 2.9(3.2) Long Blades
 - Level 2.7 Maces & Flails
 - Level 6.0 Throwing
 * Level 14.1 Dodging
 + Level 12.3 Stealth
 + Level 3.9 Spellcasting
 - Level 1.2 Conjurations
 + Level 9.0 Evocations


You had 11 spell levels left.
You knew the following spells:

 Your Spells              Type           Power        Failure   Level  Hunger
a - Iron Shot             Conj/Erth      #.........   100%        6    #######

Your spell library contained the following spells:

 Spells                   Type           Power        Failure   Level  Hunger
 Animate Skeleton         Necr           N/A          16%         1    None
 Apportation              Tloc           #.....       16%         1    None
 Corona                   Hex            #......      16%         1    None
 Summon Butterflies       Summ           #.......     16%         1    None
 Summon Small Mammal      Summ           #...         16%         1    None
 Call Canine Familiar     Summ           #.......     43%         3    ###....
 Summon Ice Beast         Ice/Summ       #.......     85%         4    ####...
 Bolt of Magma            Conj/Fire/Erth #.........   98%         5    ######.
 Iskenderun's Battlesphe  Conj/Chrm      #.......     98%         5    ######.
 Summon Mana Viper        Hex/Summ       #.......     99%         5    ######.
 Orb of Destruction       Conj           #.........   100%        7    #######
 Spellforged Servitor     Conj/Summ      #.........   100%        7    #######
 Summon Hydra             Summ           #.........   100%        7    #######


Dungeon Overview and Level Annotations

Branches:
Dungeon (12/15)            Temple (0/1) D:5            Lair (1/6) D:10
    Orc (0/2) D:9

Altars:
Ashenzari
Cheibriados
Dithmenos
Elyvilon
Fedhas
Gozag
Hepliaklqana
Kikubaaqudgha
Okawaru
Qazlal
Trog
Uskayaw
Xom

Shops:
D:9 *[

Annotations:
D:4 1 runed translucent door, Crazy Yiuf, Ijyb


Innate Abilities, Weirdness & Mutations

You are very small and have problems with some larger weapons.
You are too small for most types of armour.
You have supernaturally acute eyesight. (SInv)
You are a herbivore.
You cover ground extremely quickly.
You need to consume almost no food.


Message History

You are lethally poisoned!
The spiny frog poisons you!
* * * LOW HITPOINT WARNING * * *
You feel sick.
* * * LOW HITPOINT WARNING * * *
You feel sick.
Things that are here:
a +0 leather armour; a +2 vorpal war axe You feel better.
The spiny frog completely misses you. The spiny frog completely misses you.
You barely miss the spiny frog.
The spiny frog is severely wounded.
The spiny frog stings you!!
* * * LOW HITPOINT WARNING * * *
You are lethally poisoned!
The spiny frog poisons you!
You slash the spiny frog!
You kill the spiny frog!
You die...
Your body crumbles into a pile of gold.

#.# #..# #.# #..# #.#
#..######## #(# #..##.....#
#.# #.......P.. #.#
#..........
#.###############...♣♣....P
#........>.[[....P.....PPP.
#.........@$[...(.P.PP..♣P.
################....PP.P.PP
#P♣...$.>.PP #...P.PP....
################...[.......
#................P....P...P
#....................P....♣
#.##############...PP...P..
#.# ####.P.....P


There were no monsters in sight!

Vanquished Creatures
  Harold (D:7)
  2 two-headed ogres
  A tengu warrior (D:9)
  Pikel (D:5)
  An ugly thing (D:11)
  A gargoyle (D:11)
  Psyche (D:8)
  Joseph (D:8)
  A spiny frog (D:10)
  A tengu conjurer (D:9)
  2 trolls
  Prince Ribbit (D:6)
  Grinder (D:6)
  A hippogriff (D:8)
  Sigmund (D:4)
  A wyvern (D:8)
  9 yaks
  A hungry ghost (D:10)
  Edmund (D:4)
  Duvessa (D:4)
  A water moccasin (D:11)
  4 porcupines
  2 sky beasts
  5 ice beasts
  4 orc warriors
  A hornet zombie (D:6)
  5 black bears
  4 phantoms
  2 necrophages
  4 wolves
  An ogre (D:6)
  9 centaurs
  3 crocodiles
  Blork the orc (D:6)
  2 big kobolds (D:11)
  4 bullfrogs
  Dowan (D:4)
  4 scorpions
  4 killer bees (D:8)
  2 howler monkeys (D:9)
  13 wights
  3 crimson imps
  A centaur zombie (D:9)
  A bullfrog zombie (D:9)
  5 orc priests
  5 hounds
  3 orc wizards
  A centaur skeleton (D:7)
  8 bullfrog skeletons
  5 iguanas
  4 jellies
  Natasha (thrice) (D:3)
  6 worker ants
  A killer bee zombie (D:5)
  A hound zombie (D:10)
  A hound skeleton (D:4)
  Robin (D:3)
  13 gnolls
  3 howler monkey skeletons
  10 adders
  A shadow imp (D:5)
  An adder skeleton (D:7)
  3 worms
  2 dart slugs (D:3)
  4 leopard geckos
  26 orcs
  2 ball pythons
  7 giant cockroaches
  10 hobgoblins
  18 jackals
  5 quokkas
  5 bats
  A frilled lizard (D:4)
  A giant cockroach zombie (D:6)
  18 goblins
  17 kobolds
  A quokka skeleton (D:6)
  4 rats
307 creatures vanquished.

Vanquished Creatures (collateral kills)
  A yak (D:11)
  An adder (D:11)
  A kobold (D:11)
3 creatures vanquished.

Vanquished Creatures (others)
  An ogre (D:8)
  A howler monkey (D:5)
  A quokka (D:7)
3 creatures vanquished.

Grand Total: 313 creatures vanquished

Notes
Turn   | Place    | Note
-------+----------+-------------------------------------------
     0 | D:1      | Emblim88 the Spriggan Assassin began the quest for the Orb.
     0 | D:1      | Reached XP level 1. HP: 10/10 MP: 2/2
   103 | D:1      | Reached skill level 2 in Dodging
   314 | D:1      | Reached XP level 2. HP: 15/15 MP: 3/3
   557 | D:1      | Found a shattered altar of Ashenzari.
   995 | D:2      | Reached skill level 3 in Dodging
   995 | D:2      | Reached XP level 3. HP: 18/18 MP: 4/4
  1444 | D:2      | Found an opulent altar of Gozag.
  1454 | D:2      | Found a hide-covered altar of Uskayaw.
  1459 | D:2      | Found a shimmering altar of Xom.
  1466 | D:2      | Became a worshipper of Gozag Ym Sagoz the Greedy
  1556 | D:3      | Reached XP level 4. HP: 22/23 MP: 5/5
  1659 | D:3      | Reached skill level 4 in Dodging
  2048 | D:3      | Noticed Natasha
  2055 | D:3      | Killed Natasha
  2055 | D:3      | Reached XP level 5. HP: 22/27 MP: 6/6
  2068 | D:3      | Noticed Natasha
  2075 | D:3      | Killed Natasha
  2081 | D:3      | Reached skill level 1 in Evocations
  2184 | D:3      | Noticed an ice beast
  2202 | D:3      | Killed an ice beast
  2202 | D:3      | Reached skill level 5 in Dodging
  2202 | D:3      | Reached XP level 6. HP: 12/32 MP: 6/8
  2464 | D:3      | Noticed Robin
  2483 | D:3      | Killed Robin
  2679 | D:3      | Noticed Natasha
  2690 | D:3      | Killed Natasha
  3397 | D:4      | Reached skill level 6 in Dodging
  3401 | D:4      | Noticed Sigmund
  3404 | D:4      | Noticed Dowan
  3412 | D:4      | Noticed Duvessa
  3416 | D:4      | Noticed Ijyb
  3418 | D:4      | Killed Sigmund
  3418 | D:4      | Reached XP level 7. HP: 28/36 MP: 6/10
  3442 | D:4      | Killed Duvessa
  3442 | D:4      | Reached skill level 7 in Dodging
  3632 | D:4      | Found the +5 demon whip "Spellbinder" {antimagic, MR+}
  3878 | D:4      | Killed Dowan
  4014 | D:4      | Found a runed translucent door.
  4015 | D:4      | Noticed Crazy Yiuf
  4072 | D:4      | Noticed Edmund
  4114 | D:4      | Killed Edmund
  5026 | D:5      | Entered Level 5 of the Dungeon
  5036 | D:5      | Found a staircase to the Ecumenical Temple.
  5219 | D:5      | Reached XP level 8. HP: 29/40 MP: 3/11
  5248 | D:5      | Reached skill level 8 in Dodging
  5431 | D:5      | Found an iron altar of Okawaru.
  5436 | D:5      | Found a bloodstained altar of Trog.
  5438 | D:5      | Found a shadowy altar of Dithmenos.
  5447 | D:5      | Found a hazy altar of Hepliaklqana.
  5791 | D:5      | Noticed Pikel
  5814 | D:5      | Killed Pikel
  5814 | D:5      | Reached skill level 9 in Dodging
  5814 | D:5      | Reached skill level 5 in Evocations
  6479 | D:5      | Found a shimmering altar of Xom.
  6628 | D:6      | Noticed Blork the orc
  6635 | D:6      | Killed Blork the orc
  6635 | D:6      | Reached XP level 9. HP: 46/46 MP: 4/13
  6894 | D:6      | Reached skill level 5 in Throwing
  6916 | D:6      | Noticed Grinder
  6970 | D:6      | Killed Grinder
  6970 | D:6      | Reached skill level 5 in Fighting
  7273 | D:6      | Reached skill level 10 in Dodging
  7631 | D:6      | Reached skill level 1 in Maces & Flails
  8303 | D:6      | Noticed Prince Ribbit
  8311 | D:6      | Killed Prince Ribbit
  8311 | D:6      | Reached skill level 10 in Stealth
  9213 | D:7      | Found a white marble altar of Elyvilon.
  9249 | D:7      | Noticed Harold
  9390 | D:7      | Killed Harold
  9390 | D:7      | Reached skill level 11 in Dodging
  9390 | D:7      | Reached XP level 10. HP: 32/53 MP: 5/15
 10243 | D:8      | Noticed Joseph
 10365 | D:8      | Killed Joseph
 10471 | D:8      | Found a stormy altar of Qazlal.
 10555 | D:8      | Found a blossoming altar of Fedhas.
 10781 | D:8      | Noticed Psyche
 10788 | D:8      | Killed Psyche
 10788 | D:8      | Reached skill level 12 in Dodging
 10999 | D:8      | Learned a level 6 spell: Iron Shot
 11115 | D:9      | Found an ancient bone altar of Kikubaaqudgha.
 11572 | D:9      | Found a staircase to the Orcish Mines.
 11590 | D:9      | Found a snail-covered altar of Cheibriados.
 11631 | D:9      | Noticed a tengu warrior
 11741 | D:9      | Killed a tengu warrior
 11741 | D:9      | Reached skill level 1 in Conjurations
 12015 | D:9      | Reached skill level 1 in Long Blades
 12225 | D:9      | Found Feesex's Armour Shop.
 12399 | D:9      | Found a bloodstained altar of Trog.
 12735 | D:9      | Bought a scroll of blinking for 97 gold pieces
 12735 | D:9      | Bought a sack of spiders for 260 gold pieces
 12735 | D:9      | Bought a scroll of blinking for 97 gold pieces
 12738 | D:10     | Entered Level 10 of the Dungeon
 12747 | D:10     | Reached XP level 11. HP: 58/58 MP: 5/17
 13220 | D:9      | Reached skill level 1 in Spellcasting
 13464 | D:10     | Found a staircase to the Lair.
 13773 | D:10     | Noticed a two-headed ogre
 13778 | D:10     | Killed a two-headed ogre
 13778 | D:10     | Reached skill level 13 in Dodging
 14317 | D:11     | Noticed a red ugly thing
 15260 | D:11     | Killed a red ugly thing
 15513 | D:11     | Noticed a cyan ugly thing
 15513 | D:11     | Noticed a green ugly thing
 15665 | D:11     | Noticed a two-headed ogre
 15724 | D:11     | Killed a two-headed ogre
 15870 | D:11     | Reached skill level 14 in Dodging
 16586 | Lair:1   | Entered Level 1 of the Lair of Beasts
 16625 | D:10     | HP: 1/60 [spiny frog (13)]
 16626 | D:10     | Succumbed to a spiny frog's poison

Levels and vault maps discovered:
D:1:      dpeg_arrival_another_circle, layout_basic, ashenzari_altar_1
D:2:      layout_rooms, minitemple, first_ration
D:3:      layout_loops_corners, uniq_robin, uniq_natasha
D:4:      layout_loops_ring, chequers_big_river, grunt_ministairs_8,
          wad_floor_pattern_untrapped, uniq_sigmund, uniq_crazy_yiuf_cottage,
          uniq_edmund, uniq_duvessa, uniq_ijyb
D:5:      layout_basic, nicolae_overflow_quartered_altars,
          minmay_temple_entry_arrows, tgw_xom, uniq_pikel
D:6:      layout_loops_ring, uniq_grinder, uniq_blork_the_orc,
          uniq_prince_ribbit1
D:7:      layout_loops_cross, elyvilon_altar_4, uniq_harold
D:8:      layout_loops_ring, grunt_qazlal_clouds, overflow_temple_1_default,
          uniq_psyche, uniq_joseph
D:9:      layout_gridville, kiku_gazebo_pond_becter, slow_altar_1, orc_0_dummy,
          serial_shops, shop, hex_large, bloody_trog
D:10:     layout_long_grid, minmay_lair_entry_grove
D:11:     layout_loops_ring
D:12:     layout_layer_cave, uniq_frances
Lair:1:   layout_cave_pods

Skill      XL: |  1  2  3  4  5  6  7  8  9 10 11 |
---------------+----------------------------------+-----
Dodging        | 2 3 4 5 6 7 9 11 12 14 | 14.1
Stealth        | 6 7 8 9 10 11 12 | 12.3
Fighting       | 2 3 4 6 7 8 |  8.4
Evocations     | 1 2 3 5 6 7 9 |  9.0
Throwing       | 3 4 5 6 |  6.0
Maces & Flails | 2 |  2.7
Conjurations   | 1 |  1.2
Long Blades    | 1 2 |  2.9
Spellcasting   | 3 |  3.9
Short Blades   | |  2.1

Action                   |  1- 3 |  4- 6 |  7- 9 | 10-12 || total
-------------------------+-------+-------+-------+-------++-------
Melee: Dagger            |   101 |   147 |    19 |    19 ||   286
       Demon whip        |       |       |   332 |   184 ||   516
       Scimitar          |       |       |       |   368 ||   368
Throw: Dart              |     4 |    12 |    42 |    47 ||   105
       Throwing net      |       |       |       |     1 ||     1
Invok: Call Merchant     |       |       |       |     1 ||     1
Evoke: Wand              |       |       |     2 |     3 ||     5
       Sack of spiders   |       |       |       |     1 ||     1
  Use: Potion            |     1 |       |     2 |     4 ||     7
       Scroll            |       |     2 |     5 |     7 ||    14
 Stab: Sleeping          |    10 |     5 |    12 |    24 ||    51
       Distracted        |       |     1 |     2 |     5 ||     8
  Eat: Ration            |       |       |     3 |     5 ||     8
Armor: Robe              |    12 |     3 |    16 |    27 ||    58
Dodge: Dodged            |    72 |    97 |   394 |   727 ||  1290
       Rpst.: Scimitar   |       |       |       |   117 ||   117

Table legend:
 A = Non-vault XP
 B = Vault XP
 C = Vault XP percentage of total XP
 D = Non-vault monster count
 E = Vault monster count
 F = Vault count percentage of total count
                 A         B        C        D         E       F
            +---------+---------+-------+---------+---------+-------
      Total |   15461 |    5624 |  26.7 |     268 |      42 |  13.5
            +---------+---------+-------+---------+---------+-------
        D:1 |      20 |       0 |   0.0 |      15 |       0 |   0.0
        D:2 |      72 |       0 |   0.0 |      21 |       0 |   0.0
        D:3 |     355 |      68 |  16.1 |      32 |       9 |  22.0
        D:4 |     194 |     633 |  76.5 |      12 |       5 |  29.4
        D:5 |     473 |     925 |  66.2 |      21 |       8 |  27.6
        D:6 |     898 |     672 |  42.8 |      23 |       3 |  11.5
        D:7 |     709 |     965 |  57.6 |      21 |       1 |   4.5
        D:8 |    1630 |     831 |  33.8 |      19 |       2 |   9.5
        D:9 |    2490 |     992 |  28.5 |      26 |       9 |  25.7
       D:10 |    3520 |     538 |  13.3 |      28 |       5 |  15.2
       D:11 |    5100 |       0 |   0.0 |      50 |       0 |   0.0
            +---------+---------+-------+---------+---------+-------
